 Dungeon Crawl Stone Soup version 0.25.1-2-g60ff931df9 (webtiles) character file.

Game seed: 14667222863649348705

5910 ANNNA the Thaumaturge (level 10, -14/52 HPs)
             Began as a Deep Elf Venom Mage on Nov 17, 2020.
             Was a Believer of Sif Muna.
             Hit by a large rock thrown by a cyclops (43 damage)
             ... on level 11 of the Dungeon.
             The game lasted 00:50:05 (13621 turns).

ANNNA the Thaumaturge (Deep Elf Venom Mage)        Turns: 13621, Time: 00:50:06

Health: -14/52     AC: 10    Str:  8    XL:     10   Next: 53%
Magic:  28/28      EV: 14    Int: 21    God:    Sif Muna [**....]
Gold:   604        SH:  0    Dex: 18    Spells: 20/33 levels left

rFire    . . .     SeeInvis .   C - +7 rapier of Demonkind {vorpal, *Slow rC+ MR+ Dex+3}
rCold    + . .     Gourm    .   (no shield)
rNeg     + . .     Faith    .   M - +0 steam dragon scales
rPois    .         Spirit   .   x - +0 helmet
rElec    .         Reflect  .   F - +2 cloak
rCorr    .         Harm     .   l - +0 pair of gloves
MR       ++...                  (no boots)
Stlth    +++.......             (no amulet)
HPRegen  0.17/turn              q - ring of positive energy
MPRegen  0.21/turn              (no ring)

@: about to teleport, lightly drained
A: no striking features
a: Channel Magic, Renounce Religion


You were on level 11 of the Dungeon.
You worshipped Sif Muna.
Sif Muna was pleased with you.
You were not hungry.

You visited 2 branches of the dungeon, and saw 12 of its levels.

You collected 604 gold pieces.

Inventory:

Hand Weapons
 i - a +0 dagger of holy wrath
 C - the +7 rapier of Demonkind (weapon) {vorpal, *Slow rC+ MR+ Dex+3}
   (You found it on level 6 of the Dungeon)

   It inflicts extra damage upon your enemies.
   It affects your dexterity (+3).
   It protects you from cold.
   It affects your resistance to hostile enchantments.
   It may slow you when you take damage.
Missiles
 h - 139 stones (quivered)
Armour
 l - a +0 pair of gloves (worn)
 x - a +0 helmet (worn)
 F - a +2 cloak (worn)
 M - +0 steam dragon scales (worn)
Jewellery
 a - an uncursed ring of see invisible {unknown}
 q - a ring of positive energy (left hand)
 v - a +6 ring of intelligence {unknown}
 w - a cursed amulet of inaccuracy {unknown}
 D - an uncursed ring of see invisible {unknown}
 I - an uncursed ring of wizardry {unknown}
 Q - a cursed ring of wizardry {unknown}
Wands
 b - a wand of enslavement (15)
 o - a wand of digging (9)
 r - a wand of polymorph (6)
 y - a wand of random effects (17)
 A - a wand of flame (13)
 N - a wand of iceblast (7)
 S - a wand of clouds (6)
Scrolls
 d - 6 scrolls of enchant weapon
 g - 2 scrolls of magic mapping
 n - 2 scrolls of amnesia {unknown}
 p - a scroll of enchant armour {unknown}
 s - a scroll of noise {unknown}
 t - a scroll of random uselessness {unknown}
 B - 3 scrolls of immolation
 G - a scroll of vulnerability {unknown}
 H - 2 scrolls of remove curse
 K - a scroll of identify
 P - a scroll of blinking {unknown}
Potions
 e - a potion of flight {unknown}
 f - 4 potions of stabbing
 j - a potion of cancellation {unknown}
 k - a potion of haste {unknown}
 m - 3 potions of curing
 u - a potion of mutation
 z - 2 potions of heal wounds {unknown}
 E - 2 potions of brilliance {unknown}
 J - a potion of degeneration {unknown}
 L - 2 potions of invisibility {unknown}
Miscellaneous
 O - a lightning rod (4/4)
Comestibles
 c - 14 rations


   Skills:
 + Level 1.4(1.3) Fighting
 + Level 2.6(2.5) Short Blades
 + Level 2.0(1.9) Throwing
 + Level 2.0(1.9) Armour
 + Level 3.3(3.2) Dodging
 + Level 4.2(4.1) Stealth
 + Level 0.1(0.0) Unarmed Combat
 + Level 12.0(11.8) Spellcasting
 + Level 1.8(1.7) Conjurations
 + Level 5.1(5.0) Transmutations
 + Level 2.1(2.0) Fire Magic
 + Level 6.0(5.9) Air Magic
 + Level 9.3(9.2) Poison Magic


You had 20 spell levels left.
You knew the following spells:

 Your Spells              Type           Power        Failure   Level  Hunger
a - Sting                 Tmut/Pois      ####         1%          1    None
b - Poisonous Vapours     Pois/Air       #####.       1%          2    None
c - Ignite Poison         Fire/Tmut/Pois #####...     1%          3    None
d - Mephitic Cloud        Conj/Pois/Air  #####...     1%          3    None
e - Olgreb's Toxic Radia  Pois           ######..     1%          4    #......

Your spell library contained the following spells:

 Spells                   Type           Power        Failure   Level  Hunger
 Passwall                 Tmut/Erth      ###.....     3%          2    None
 Corona                   Hex            ##.....      5%          1    None
 Sandblast                Erth           ##....       5%          1    None
 Ensorcelled Hibernation  Hex/Ice        ##....       9%          2    None
 Dazzling Flash           Conj/Hex       ###...       11%         3    None
 Stone Arrow              Conj/Erth      ###...       11%         3    None
 Confusing Touch          Hex            ##......     16%         3    None
 Tukima's Dance           Hex            ##......     16%         3    None
 Petrify                  Tmut/Erth      ###.....     19%         4    #......
 Lee's Rapid Deconstruct  Erth           ##........   83%         5    ####...


Dungeon Overview and Level Annotations

Branches:
Dungeon (10/15)            Temple (1/1) D:4            Lair (0/6) D:9
    Orc: D:9-12

Altars:
Ashenzari
Cheibriados
Dithmenos
Elyvilon
Fedhas
Gozag
Hepliaklqana
Kikubaaqudgha
Makhleb
Nemelex Xobeh
Okawaru
Qazlal
Ru
Sif Muna
Trog
Uskayaw
Vehumet
Wu Jian
Xom
Yredelemnul
Zin
The Shining One

Shops:
D:4 *   D:6 =   D:10 =


Message History

Sif Muna accepts your kill.
You start resting.
Magic restored.
Found a sharpened copper wand.
Found a stone staircase leading down.
S - a wand of clouds (6)
Found a coppery potion.
z - 2 coppery potions (gained 1)
An orc, an orc warrior and a cyclops come into view.
The cyclops shouts!
The orc warrior shouts!
You hear a shout! x2
The cyclops throws a large rock.
The large rock hits you!!
The orc moves out of view.
An orc wizard comes into view. It is wielding a +0 dagger.
You see here a large rock.
As you read the scroll of teleportation, it crumbles to dust.
You feel strangely unstable.
An orc wizard comes into view. It is wielding a +0 dagger.
The cyclops throws a large rock.
The large rock hits you!!!
Ouch! That really hurt!
You die...

########o
#....Co.o
####@#
#....#
#....#
#....#
#....#
####.#
#.# #.#
+.>.. #.#


You could see a cyclops, an orc warrior and 2 orc wizards.

Vanquished Creatures
  A two-headed ogre (D:9)
  Pikel (D:8)
  Maurice (D:8)
  A centaur skeleton (D:10)
  3 hornets
  A hippogriff (D:6)
  A steam dragon (D:10)
  2 sky beasts
  2 slaves (D:8)
  A black bear (D:6)
  A phantom (D:9)
  5 ogres
  2 centaurs
  11 bullfrogs
  A wyvern skeleton (D:10)
  3 scorpions
  3 killer bees (D:9)
  7 wights
  8 howler monkeys
  2 crimson imps
  A quasit (D:9)
  A lava snake (D:10)
  2 bullfrog skeletons
  2 hounds
  Natasha (twice) (D:2)
  A gnoll shaman (D:7)
  Terence (D:2)
  8 worker ants
  An iguana (D:8)
  3 hound skeletons
  A howler monkey skeleton (D:8)
  4 gnolls (D:7)
  9 adders
  2 shadow imps
  2 oozes
  3 adder skeletons
  An adder zombie (D:9)
  3 worms
  3 dart slugs
  7 leopard geckos
  13 orcs
  4 giant cockroaches
  8 goblins
  9 hobgoblins
  11 jackals
  5 quokkas
  6 bats
  6 frilled lizards
  6 kobolds
  A leopard gecko skeleton (D:4)
  A quokka skeleton (D:9)
  10 rats
  A spectral orc (D:5)
195 creatures vanquished.

Notes
Turn   | Place    | Note
-------+----------+-------------------------------------------
     0 | D:1      | ANNNA the Deep Elf Venom Mage began the quest for the Orb.
     0 | D:1      | Reached XP level 1. HP: 10/10 MP: 6/6
   234 | D:1      | Reached XP level 2. HP: 15/15 MP: 5/8
   238 | D:1      | Learned a level 2 spell: Poisonous Vapours
   765 | D:1      | Reached XP level 3. HP: 17/19 MP: 3/10
  1279 | D:2      | Reached skill level 4 in Spellcasting
  1643 | D:2      | Reached XP level 4. HP: 24/24 MP: 4/12
  1901 | D:2      | Noticed Terence
  1911 | D:2      | Killed Terence
  1975 | D:2      | Learned a level 3 spell: Ignite Poison
  1979 | D:2      | Learned a level 3 spell: Mephitic Cloud
  1997 | D:2      | Reached skill level 1 in Air Magic
  2306 | D:2      | Noticed Natasha
  2309 | D:2      | Killed Natasha
  2309 | D:2      | Reached skill level 5 in Spellcasting
  2309 | D:2      | Reached XP level 5. HP: 17/28 MP: 6/14
  2669 | D:2      | Noticed Natasha
  2674 | D:2      | Killed Natasha
  3582 | D:3      | Found an opulent altar of Gozag.
  3813 | D:3      | Reached skill level 5 in Poison Magic
  3930 | D:3      | Found a snail-covered altar of Cheibriados.
  4316 | D:4      | Found a staircase to the Ecumenical Temple.
  4329 | Temple   | Entered the Ecumenical Temple
  4513 | Temple   | Became a worshipper of Sif Muna the Loreminder
  4861 | D:4      | Reached XP level 6. HP: 27/32 MP: 9/16
  4870 | D:4      | Found a sacrificial altar of Ru.
  4873 | D:4      | Reached skill level 6 in Spellcasting
  4970 | D:4      | Found Leukkora's Lightly-Used Armoury.
  5465 | D:5      | Entered Level 5 of the Dungeon
  5599 | D:5      | Reached XP level 7. HP: 19/36 MP: 11/19
  5761 | D:5      | Found a basalt altar of Yredelemnul.
  6169 | D:6      | Noticed a hippogriff
  6179 | D:6      | Killed a hippogriff
  6179 | D:6      | Reached skill level 7 in Spellcasting
  6279 | D:6      | Got a warped rapier
  6587 | D:6      | Reached skill level 8 in Spellcasting
  6587 | D:6      | Reached XP level 8. HP: 29/41 MP: 3/22
  6848 | D:6      | Found Xagurr's Jewellery Emporium.
  7223 | D:6      | Reached skill level 1 in Fire Magic
  7831 | D:7      | Found a stormy altar of Qazlal.
  8094 | D:7      | Reached skill level 9 in Spellcasting
  8474 | D:7      | Learned a level 4 spell: Olgreb's Toxic Radiance
  8996 | D:8      | Identified the +7 rapier of Demonkind {vorpal, *Slow rC+
                  | MR+ Dex+3} (You found it on level 6 of the Dungeon)
  9326 | D:8      | Reached skill level 1 in Fighting
  9326 | D:8      | Reached skill level 1 in Short Blades
  9602 | D:8      | Reached XP level 9. HP: 47/47 MP: 21/24
  9632 | D:8      | Noticed Pikel
  9641 | D:8      | Killed Pikel
  9641 | D:8      | Reached skill level 1 in Armour
  9796 | D:8      | Noticed Maurice
  9811 | D:8      | Killed Maurice
  9811 | D:8      | Reached skill level 10 in Spellcasting
  9811 | D:8      | Reached skill level 5 in Air Magic
  9928 | D:8      | Reached * piety under Sif Muna
 10677 | D:9      | Reached skill level 1 in Throwing
 11397 | D:9      | Noticed a two-headed ogre
 11402 | D:9      | Killed a two-headed ogre
 11402 | D:9      | Reached XP level 10. HP: 52/52 MP: 16/26
 11416 | D:9      | Reached skill level 11 in Spellcasting
 11577 | D:9      | Reached skill level 1 in Conjurations
 11584 | D:10     | Entered Level 10 of the Dungeon
 11778 | D:10     | Reached skill level 5 in Transmutations
 11805 | D:10     | Reached ** piety under Sif Muna
 12148 | D:10     | Found Kefuntir's Jewellery Emporium.
 13391 | D:9      | Reached skill level 12 in Spellcasting
 13531 | D:9      | Found a staircase to the Lair.
 13551 | D:9      | You fall into a shaft and drop 2 floors!
 13620 | D:11     | Noticed a cyclops
 13621 | D:11     | Hit by a large rock thrown by a cyclops

Illustrated notes

Levels and vault maps discovered:
D:1:      saegor_arrival_simple_a, layout_loops_ring
D:2:      layout_basic, feat_on_display, uniq_terence, uniq_natasha
D:3:      layout_loops_cross, lemuel_doored_altar, lemuel_crystal_altar,
          first_ration, minivault_19, minivault_24, minmay_misc_feat_tower
D:4:      layout_loops_cross, kennysheep_little_box,
          minmay_temple_entry_junction, chequers_serial_rivers_small_3,
          minmay_shop_damaged
D:5:      layout_basic, yredelemnul_forgotten_temple_becter
D:6:      layout_basic, serial_shops, nicolae_shop_window_shopping
D:7:      layout_cave_pools, nicolae_qazlal_eye_of_the_storm, grunt_livestock
D:8:      layout_rooms, uniq_maurice, uniq_pikel
D:9:      layout_basic, lair_entry_dummy, orc_0_dummy
D:10:     layout_irregular_city, serial_shops, nicolae_shop_trees,
          nicolae_lava_and_water
D:11:     layout_basic, serial_shops, shop, basic_altar
Temple:   minmay_temple_bridge_d

Skill      XL: |  1  2  3  4  5  6  7  8  9 10 |
---------------+-------------------------------+-----
Poison Magic   | 4 5 6 7 8 9 |  9.3
Spellcasting   | 4 5 6 8 9 10 12 | 12.0
Air Magic      | 1 2 3 4 5 6 |  6.0
Transmutations | 2 3 4 5 |  5.1
Dodging        | 3 |  3.3
Stealth        | 3 4 |  4.2
Fire Magic     | 1 2 |  2.1
Fighting       | 1 |  1.4
Short Blades   | 1 2 |  2.6
Armour         | 1 2 |  2.0
Throwing       | 1 2 |  2.0
Conjurations   | 1 |  1.8
Unarmed Combat | |  0.1

Action                   |  1- 3 |  4- 6 |  7- 9 | 10-12 || total
-------------------------+-------+-------+-------+-------++-------
Melee: Unarmed           |    13 |       |       |       ||    13
       Dagger            |     1 |     8 |    32 |       ||    41
       Rapier            |       |       |    20 |    22 ||    42
Throw: Stone             |       |     2 |    29 |    11 ||    42
 Cast: Sting             |    30 |    37 |    70 |    17 ||   154
       Poisonous Vapours |    39 |    70 |    99 |    50 ||   258
       Ignite Poison     |       |     6 |    24 |    18 ||    48
       Mephitic Cloud    |       |     1 |     9 |    11 ||    21
  Use: Scroll            |       |     4 |     6 |     2 ||    12
  Eat: Chunk             |     3 |     8 |    10 |     3 ||    24
       Ration            |       |     2 |     2 |     1 ||     5
Armor: Robe              |     7 |     4 |       |       ||    11
       Leather armour    |       |       |    21 |     7 ||    28
       Steam dragon scal |       |       |       |     4 ||     4
Dodge: Dodged            |    18 |    22 |    78 |    23 ||   141
